 Dungeon Crawl Stone Soup version 0.26-a0-597-gb535b0901c (webtiles) character file.

Game seed: 11187803812892050973

1932 Lanoc the Frost Mage (level 8, 0/52 HPs)
             Began as a Demonspawn Ice Elementalist on Sept 7, 2020.
             Killed from afar by an orc wizard (8 damage)
             ... with a magic dart
             ... on level 5 of the Dungeon.
             The game lasted 00:09:49 (6508 turns).

Lanoc the Frost Mage (Demonspawn Ice Elementalist)  Turns: 6508, Time: 00:09:49

Health: 0/52       AC:  2    Str:  8    XL:     8   Next: 97%
Magic:  2/11       EV: 15    Int: 20    God:
Gold:   241        SH:  0    Dex: 11    Spells: 3/11 levels left

rFire    . . .     SeeInvis +   (no weapon)
rCold    . . .     Faith    .   (no shield)
rNeg     . . .     Spirit   .   a - +0 robe
rPois    .         Reflect  .   (no helmet)
rElec    .         Harm     .   (no cloak)
rCorr    .                      (no gloves)
MR       .....                  (no boots)
Stlth    ++........             (no amulet)
HPRegen  0.17/turn              f - ring of see invisible
MPRegen  0.12/turn              l - -4 ring of dexterity

@: about to teleport
A: claws 2, rot immunity, big brain 1
a: no special abilities


You were on level 5 of the Dungeon.
You visited 1 branch of the dungeon, and saw 5 of its levels.
You also visited: Sewer.

You collected 241 gold pieces.

Inventory:

Armour
 a - a +0 robe (worn)
Jewellery
 f - a ring of see invisible (left claw)
 l - a -4 ring of dexterity (right claw)
Wands
 m - a wand of digging (7)
 n - a wand of disintegration (12)
 p - a wand of flame (10)
Scrolls
 d - 3 scrolls of remove curse
 e - a scroll of blinking {unknown}
 h - 3 scrolls of identify {unknown}
 i - 2 scrolls of amnesia {unknown}
 j - 2 scrolls of magic mapping {unknown}
Potions
 q - 2 potions of brilliance


   Skills:
 + Level 6.3 Dodging
 - Level 1.7 Stealth
 - Level 2.0 Spellcasting
 * Level 9.5 Ice Magic


You had 3 spell levels left.
You knew the following spells:

 Your Spells              Type           Power        Failure   Level
a - Freeze                Ice            ####         1%          1
b - Frozen Ramparts       Ice            #####.       1%          3
c - Summon Ice Beast      Ice/Summ       ###.....     22%         4

Your spell library contained the following spells:

 Spells                   Type           Power        Failure   Level
 Ozocubu's Armour         Ice            #####...     1%          3
 Hailstorm                Conj/Ice       ###.....     22%         4


Dungeon Overview and Level Annotations

Branches:
Dungeon (5/15)              Sewer (visited)
 Temple: D:4-7

Altars:

Annotations:
D:3 Blork the orc


Innate Abilities, Weirdness & Mutations

You have very sharp fingernails.
You are immune to rotting.
You have an unusually large brain. (Int +2)


Message History

The white imp completely resists.
The wall freezes the white imp but do no damage.
The white imp gestures at you. The puff of frost misses you.
You scratch the white imp.
You kill the white imp!
The orc shouts!
The orc throws a boomerang.
The boomerang barely misses you.
The weapon returns to the orc!
The orc throws a boomerang.
The boomerang hits you.
* * * LOW HITPOINT WARNING * * *
The weapon returns to the orc!
The frozen ramparts melt away.
A hound comes into view.
Okay, then.
As you read the scroll of teleportation, it crumbles to dust.
You feel strangely unstable.
The orc wizard gestures at you while chanting.
The magic dart hits you!
You die...

#..<.#...............#.....#....#
#....#.............o.#.....#....#
#....#......>........#.....#....#
#....#...........o...#.....#....#
##...##...##...##.##'##.####<..##
###########...##.##(##.####'###.
#........#....#........
#........# ..#........ #.....@..#
..#........ #........# #........
#.....h..# #.......# ##.##...##
##......# ####...# ####..#. ....#
#...# ....# #...# #....# ####. #


You could see a hound, an orc wizard and an orc.

Vanquished Creatures
  A two-headed ogre (D:5)
  Duvessa (D:4)
  A black bear (D:5)
  A sky beast (D:5)
  An ogre (D:4)
  5 big kobolds (Sewer)
  A scorpion (D:4)
  Dowan (D:4)
  A howler monkey (D:4)
  3 orc priests (D:4)
  A hound (D:4)
  A centaur skeleton (D:4)
  2 worker ants (D:4)
  A howler monkey zombie (D:5)
  7 adders
  2 river rats (Sewer)
  A shadow imp (D:5)
  2 white imps (D:5)
  3 ufetubi (D:5)
  3 oozes (Sewer)
  5 worms
  A dart slug (D:3)
  3 leopard geckos
  7 orcs
  3 ball pythons
  2 giant cockroaches
  5 goblins
  4 hobgoblins
  7 kobolds
  4 quokkas (D:3)
  5 bats
  5 frilled lizards (D:3)
  13 rats
103 creatures vanquished.

Vanquished Creatures (collateral kills)
  An ice beast (D:5)
  A shadow imp (D:5)
2 creatures vanquished.

Vanquished Creatures (others)
  2 scorpions (D:4)
  An orc wizard (D:4)
3 creatures vanquished.

Grand Total: 108 creatures vanquished

Notes
Turn   | Place    | Note
-------+----------+-------------------------------------------
     0 | D:1      | Lanoc the Demonspawn Ice Elementalist began the quest for
                  | the Orb.
     0 | D:1      | Reached XP level 1. HP: 13/13 MP: 3/3
   208 | D:1      | Gained mutation: You have an unusually large brain. (Int
                  | +2) [demonic ancestry]
   208 | D:1      | Reached XP level 2. HP: 12/19 MP: 1/5
   219 | D:1      | Reached skill level 4 in Ice Magic
   343 | D:1      | You fall into a shaft and drop 1 floor!
   658 | D:2      | Reached XP level 3. HP: 24/24 MP: 1/6
   663 | D:2      | Learned a level 3 spell: Frozen Ramparts
  1472 | D:3      | Reached XP level 4. HP: 30/30 MP: 4/7
  1531 | D:3      | Noticed Blork the orc
  2015 | D:4      | Reached skill level 5 in Ice Magic
  2015 | D:4      | Noticed Duvessa
  2376 | D:4      | Gained mutation: You are immune to rotting. [demonic
                  | ancestry]
  2376 | D:4      | Reached XP level 5. HP: 25/35 MP: 4/8
  2820 | D:4      | Gained mutation: You have sharp fingernails. [demonic
                  | ancestry]
  2820 | D:4      | Reached XP level 6. HP: 34/41 MP: 3/9
  2905 | D:4      | Reached skill level 6 in Ice Magic
  3315 | D:4      | Noticed Dowan
  3326 | D:4      | Killed Dowan
  3505 | D:4      | Killed Duvessa
  3505 | D:4      | Reached XP level 7. HP: 8/46 MP: 4/10
  4090 | D:5      | Entered Level 5 of the Dungeon
  4097 | D:5      | Reached skill level 7 in Ice Magic
  4100 | D:5      | Found a glowing drain.
  4102 | Sewer    | Entered a sewer
  4726 | Sewer    | Reached skill level 5 in Dodging
  5093 | Sewer    | Gained mutation: You have very sharp fingernails. [demonic
                  | ancestry]
  5093 | Sewer    | Reached XP level 8. HP: 31/52 MP: 8/11
  5249 | Sewer    | Reached skill level 8 in Ice Magic
  6160 | D:5      | Learned a level 4 spell: Summon Ice Beast
  6446 | D:5      | Noticed a two-headed ogre
  6477 | D:5      | Killed a two-headed ogre
  6477 | D:5      | Reached skill level 9 in Ice Magic
  6508 | D:5      | Killed from afar by an orc wizard

Illustrated notes

Levels and vault maps discovered:
D:1:      dpeg_arrival_arbitrary_a, layout_loops_ring, minmay_heptomino_d4
D:2:      layout_loops_ring, chequers_serial_rivers_marsh, tgw_kikubaaqudgha
D:3:      layout_basic, tgw_sif
D:4:      layout_basic, serial_corexii_hall, corexii_hall_statues_deadend,
          corexii_hall_statues_s, lemuel_flame_loot_1, uniq_blork_the_orc,
          uniq_duvessa
D:5:      layout_gridville, temple_green, gup_sewer_entry_bowl,
          grunt_decor_mini_mirrors

Skill      XL: |  1  2  3  4  5  6  7  8 |
---------------+-------------------------+-----
Dodging        | 2 3 4 5 6 |  6.3
Ice Magic      | 4 5 6 7 9 |  9.5
Stealth        | |  1.7
Spellcasting   | |  2.0

Action                   |  1- 3 |  4- 6 |  7- 9 || total
-------------------------+-------+-------+-------++-------
Melee: Unarmed           |    12 |    30 |   108 ||   150
 Cast: Freeze            |    47 |     4 |     1 ||    52
       Frozen Ramparts   |     5 |    15 |    30 ||    50
       Summon Ice Beast  |       |       |     2 ||     2
  Use: Potion            |       |     4 |     6 ||    10
       Scroll            |       |       |     5 ||     5
Armor: Robe              |     2 |     2 |    14 ||    18
Dodge: Dodged            |    38 |    38 |   102 ||   178

Table legend: (Time is in decaauts)
 A = Elapsed time spent in this place.
 B = Non-inter-level travel time spent in this place.
 C = Inter-level travel time spent in this place.
 D = Time resting spent in this place.
 E = Time spent auto-exploring this place.
 F = Levels seen in this place.
 G = Mean time per level.
                   A        B        C        D        E       F      G
               +--------+--------+--------+--------+--------+-----+--------+
         Total |   6631 |   6549 |     82 |   1203 |   4361 |   6 | 1105.2 |
       Dungeon |   5151 |   5069 |     82 |   1203 |   3082 |   5 | 1030.2 |
         Sewer |   1479 |   1479 |      0 |      0 |   1279 |   1 | 1479.0 |
               +--------+--------+--------+--------+--------+-----+--------+

Top non-repeatable levels by time:
     D:4: 1851 daAuts
     D:3: 1508 daAuts
   Sewer: 1479 daAuts
     D:5: 1062 daAuts
     D:2: 386 daAuts
     D:1: 343 daAuts
